 Dungeon Crawl Stone Soup version 0.21-a0-633-g4c047d5 (webtiles) character file.

515 KristoblXynda the Charmwright (level 7, 0/33 HPs)
             Began as a Spriggan Skald on Dec 28, 2017.
             Was an Initiate of Nemelex Xobeh.
             Slain by a scorpion (7 damage)
             ... on level 4 of the Dungeon.
             The game lasted 00:09:22 (3458 turns).

KristoblXynda the Charmwright (Spriggan Skald)      Turns: 3458, Time: 00:09:23

Health: 0/33       AC:  3    Str:  8    XL:     7   Next: 0%
Magic:  10/15      EV: 20    Int: 16    God:    Nemelex Xobeh [......]
Gold:   171        SH:  0    Dex: 15    Spells: 8/15 levels left

rFire    . . .     SeeInvis +   a - +0 short sword
rCold    + . .     Gourm    .   (shield restricted)
rNeg     + . .     Faith    .   o - +1 robe {rN+}
rPois    .         Spirit   .   (helmet restricted)
rElec    .         Reflect  .   (no cloak)
rCorr    .         Harm     .   (gloves unavailable)
MR       +....                  (boots unavailable)
Stlth    ++........             (no amulet)
HPRegen  0.11/turn              i - ring of protection from cold
MPRegen  0.14/turn              (no ring)

@: infused, very quick
A: very small, unfitting armour, see invisible, herbivore, speed 3, slow
metabolism 2
a: Renounce Religion


You were on level 4 of the Dungeon.
You worshipped Nemelex Xobeh.
Nemelex Xobeh was noncommittal.
You were not hungry.

You visited 1 branch of the dungeon, and saw 4 of its levels.

You collected 171 gold pieces.

Inventory:

Hand Weapons
 a - a +0 short sword (weapon)
Armour
 o - a +1 robe of positive energy (worn)
Jewellery
 i - a ring of protection from cold (left hand)
Wands
 q - a wand of polymorph (10)
Scrolls
 b - a scroll of fear {unknown}
 e - 2 scrolls of remove curse
 k - a scroll of amnesia {unknown}
 l - a scroll of magic mapping
Potions
 f - a potion of flight {unknown}
 h - 2 potions of heal wounds {unknown}
 j - 2 potions of curing
 m - a potion of haste {unknown}
 n - a potion of resistance {unknown}
 p - a potion of brilliance {unknown}
Books
 c - a book of Battle

   Spells                             Type                      Level
   a - Infusion                       Charms                       1
   b - Shroud of Golubria             Charms/Translocation         2
   c - Song of Slaying                Charms                       2
   d - Spectral Weapon                Hexes/Charms                 3
   e - Regeneration                   Charms/Necromancy            3
Miscellaneous
 g - a plain deck of summoning {drawn: 1}
Comestibles
 d - 2 rations


   Skills:
 - Level 1.5 Fighting
 + Level 4.6 Short Blades
 - Level 5.4 Dodging
 + Level 3.3 Stealth
 + Level 4.7 Spellcasting
 + Level 7.0 Charms


You had 8 spell levels left.
You knew the following spells:

 Your Spells              Type           Power        Failure   Level  Hunger
a - Infusion              Chrm           ####         1%          1    None
b - Regeneration          Chrm/Necr      ###.......   11%         3    ###....
c - Spectral Weapon       Hex/Chrm       ###.....     11%         3    ###....


Dungeon Overview and Level Annotations

Branches:
Dungeon (4/15)
 Temple: D:4-7

Altars:
Kikubaaqudgha
Nemelex Xobeh
Trog
Yredelemnul


Innate Abilities, Weirdness & Mutations

You are very small and have problems with some larger weapons.
You are too small for most types of armour.
You have supernaturally acute eyesight. (SInv)
You are a herbivore.
You cover ground extremely quickly.
You need consume almost no food.


Message History

The scorpion is moderately wounded.
The scorpion barely misses you.
You hit the scorpion!
The scorpion is severely wounded.
The scorpion barely misses you.
You hit the scorpion.
The scorpion is almost dead.
The scorpion closely misses you.
You barely miss the scorpion.
The scorpion is almost dead.
The scorpion closely misses you.
You barely miss the scorpion.
The scorpion is almost dead.
The scorpion stings you.
* * * LOW HITPOINT WARNING * * *
You hit the scorpion but do no damage.
The scorpion is almost dead.
The scorpion stings you!
You die...
Your body disappears without a glow.

# ### .. #[### ...
#######...#####+#
...##.....#.........#
............@s.%...#
#..................
#........l.........
#.....##..#####+##.
#.....##..##
#†.........#
#......†...+
#..........#
#........<.#


You could see a scorpion and a frilled lizard.

Vanquished Creatures
  Sigmund (D:2)
  A howler monkey (D:4)
  An orc wizard (D:3)
  Terence (D:2)
  A worker ant (D:4)
  4 adders
  3 worms (D:3)
  5 dart slugs
  A leopard gecko (D:4)
  4 orcs (D:3)
  2 giant cockroaches (D:1)
  3 goblins (D:2)
  3 hobgoblins
  2 jackals (D:3)
  7 kobolds
  A quokka (D:4)
  6 bats
  2 frilled lizards (D:1)
  7 rats
55 creatures vanquished.

Vanquished Creatures (collateral kills)
  The ghost of KristoblXynda the Charmwright, a novice SpSk of Nemelex Xobeh (D:3)
1 creature vanquished.

Grand Total: 56 creatures vanquished

Notes
Turn   | Place    | Note
-------+----------+-------------------------------------------
     0 | D:1      | KristoblXynda the Spriggan Skald began the quest for the Orb.
     0 | D:1      | Reached XP level 1. HP: 10/10 MP: 5/5
   112 | D:1      | Reached XP level 2. HP: 11/14 MP: 2/6
   465 | D:2      | Reached skill level 5 in Charms
   499 | D:2      | Noticed Terence
   653 | D:2      | Reached XP level 3. HP: 17/18 MP: 4/8
   680 | D:2      | Learned a level 3 spell: Regeneration
   684 | D:2      | Learned a level 3 spell: Spectral Weapon
  1151 | D:2      | Killed Terence
  1307 | D:2      | Noticed Sigmund
  1332 | D:2      | Killed Sigmund
  1332 | D:2      | Reached skill level 5 in Dodging
  1332 | D:2      | Reached skill level 6 in Charms
  1332 | D:2      | Reached XP level 4. HP: 12/22 MP: 2/10
  1332 | D:2      | Reached XP level 5. HP: 14/25 MP: 2/11
  1782 | D:3      | Reached skill level 1 in Stealth
  1851 | D:3      | Reached XP level 6. HP: 10/30 MP: 0/13
  2075 | D:3      | Found a basalt altar of Yredelemnul.
  2076 | D:3      | Found an ancient bone altar of Kikubaaqudgha.
  2076 | D:3      | Found a sparkling altar of Nemelex Xobeh.
  2090 | D:3      | Found a bloodstained altar of Trog.
  2160 | D:3      | Became a worshipper of Nemelex Xobeh the Trickster
  2213 | D:3      | Noticed KristoblXynda's ghost (novice SpSk)
  2584 | D:3      | Received a gift from Nemelex Xobeh
  2991 | D:3      | Killed KristoblXynda's ghost
  3373 | D:4      | Reached skill level 7 in Charms
  3373 | D:4      | Reached XP level 7. HP: 21/33 MP: 5/15
  3458 | D:4      | Slain by a scorpion

Vault maps used:
D:1:      dpeg_arrival_fog
D:2:      uniq_terence, uniq_sigmund
D:3:      nicolae_overflow_quartered_altars
D:4:      first_ration, serial_shops, shop

Skill      XL: |  1  2  3  4  5  6 |
---------------+-------------------+-----
Dodging        | 4 5 |  5.4
Charms         | 5 6 7 |  7.0
Short Blades   | 3 4 |  4.6
Spellcasting   | 3 4 |  4.7
Stealth        | 1 3 |  3.3
Fighting       | |  1.5

Action                   |  1- 3 |  4- 6 |  7- 9 || total
-------------------------+-------+-------+-------++-------
Melee: Short sword       |   118 |   147 |     9 ||   274
 Cast: Infusion          |    10 |    12 |     2 ||    24
       Regeneration      |       |     1 |       ||     1
Evoke: Deck              |       |     1 |       ||     1
  Use: Scroll            |     1 |     3 |       ||     4
       Potion            |     3 |     1 |       ||     4
 Stab: Sleeping          |     1 |       |       ||     1
  Eat: Ration            |       |     1 |       ||     1
Armor: Robe              |    13 |    13 |       ||    26
Dodge: Dodged            |    97 |   118 |     6 ||   221

Table legend:
 A = Spawn XP
 B = Non-spawn XP
 C = Spawn XP percentage of total XP
 D = Spawn monster count
 E = Non-spawn monster count
 F = Spawn count percentage of total count
 G = Total turns spent on level
                    A         B        C        D         E        F      G
               +---------+---------+-------+---------+---------+-------+---------
         Total |       0 |     736 |   0.0 |       0 |      56 |   0.0 |  3458
               +---------+---------+-------+---------+---------+-------+---------
           D:1 |       0 |      28 |   0.0 |       0 |      17 |   0.0 |   448
           D:2 |       0 |     280 |   0.0 |       0 |      12 |   0.0 |  1390
           D:3 |       0 |     336 |   0.0 |       0 |      23 |   0.0 |  1492
           D:4 |       0 |      92 |   0.0 |       0 |       4 |   0.0 |   128
               +---------+---------+-------+---------+---------+-------+---------
